AoeStats
← VS

Four Lakes

510264940Analyzed
1v1 RM · 1d ago on Sep 30, 2026· 37m 3s· 2 players
Game mode
Random Map
Map size
Tiny (2 player)
Population
200
Speed
Normal
Resources
Standard
Victory
Conquest
Starting age
Dark Age
Ending age
Imperial Age
RankedLock teamsTeams togetherTeam positionsShared explorationLock speedFull tech treeHidden civsTurbo modeCheats
Victory
Defeat
🇬🇪 Franks · Georgia
901
+14
🇳🇱 Italians · Netherlands
863
-14
UchMam
11:27 Feudal Age
10:40 Loom
13:52 Double-Bit Axe
17:38 Castle Age
16:50 Stone Mining
17:30 Fletching
17:47 Gold Mining
20:49 Stone Shaft Mining
23:41 Wheelbarrow
24:54 Town Watch
25:40 Bodkin Arrow
27:05 Thumb Ring
27:03 Fishing Lines
28:05 Padded Archer Armor
28:18 Horse Collar
29:17 Bow Saw
29:07 Gillnets
35:17 Imperial Age
34:53 Elite Skirmisher
35:39 Capped Ram
VS
7:13 Loom
7:33 Loom
10:45 Feudal Age
12:10 Wheelbarrow
16:12 Castle Age
17:15 Double-Bit Axe
23:23 Stone Mining
30:50 Imperial Age
28:52 Gold Mining
30:16 Bow Saw
30:44 Forging
31:24 Hand Cart
32:17 Gold Shaft Mining
32:51 Ordonnance Companies
34:45 Fletching
35:09 Scale Mail Armor
35:45 Iron Casting
Connection lost

Rejoining the realm…

Still unreachable

The connection could not be restored.

Session expired

The server has moved on; the page needs a fresh start.